3L
D.C. DIVIDED @ KINGSTON TOWNSHIP LEGION
10/02/2021
 
TOP OF THE 1ST
D.C. Divided batting - Pitching for Kingston Township Legion : LHP Shigemasa Horiuchi
Pitching: LHP Shigemasa Horiuchi
Batting: RHB Brett Robinson 0-0: Ball
1-0: Ball
2-0: Ball
3-0: Called Strike
3-1: Swinging Strike
3-2: Foul Ball, location: 2F
3-2: Ground out 6-3 (Groundball, 6)
Batting: RHB Duncan Thomas 0-0: Ground out 1-3 (Groundball, 15)
Batting: RHB Gustavo Mateo 0-0: Ball
1-0: DOUBLE (Groundball, 5L)
Batting: LHB Félix Pérez 0-0: Ground out 4-3 (Groundball, 4)
Top of the 1st over - 0 run(s), 1 hit(s), 0 error(s), 1 left on base; D.C. 0 - Kingston Township 0
BOTTOM OF THE 1ST
Kingston Township Legion batting - Pitching for D.C. Divided : LHP Leslie Brooks
Pitching: LHP Leslie Brooks
Batting: RHB António Varela 0-0: Ball
1-0: Called Strike
1-1: Foul Ball, location: 2F
1-2: Foul Ball, location: 2F
1-2: Ball
2-2: SINGLE (Flyball, 7LS)
Batting: RHB Layton Templeman 0-0: Ball
1-0: Called Strike
1-1: Ball
2-1: Swinging Strike
António Varela is caught stealing 2nd base
2-2: Foul Ball, location: 2F
2-2: SINGLE (Flyball, 78S)
Batting: LHB Clay Rush 0-0: Foul Ball, location: 2F
0-1: SINGLE (Groundball, 34)
Layton Templeman to second
Runner from 2nd tries for 3rd, SAFE, throw made to third
Batting: LHB Gonzalo López 0-0: Ball
1-0: Foul Ball, location: 2F
Pickoff Throw to First - Out!
1-1: Ball
2-1: Ball
3-1: Swinging Strike
3-2: Fly out, F9 (Flyball, 9S)
Bottom of the 1st over - 0 run(s), 3 hit(s), 0 error(s), 1 left on base; D.C. 0 - Kingston Township 0
TOP OF THE 2ND
D.C. Divided batting - Pitching for Kingston Township Legion : LHP Shigemasa Horiuchi
Batting: RHB Lúcio López 0-0: Ball
1-0: Ball
2-0: Ball
3-0: Called Strike
3-1: Swinging Strike
3-2: Foul Ball, location: 2F
3-2: Strikes out swinging
Batting: LHB Mike Gardner 0-0: Ball
1-0: Ground out 4-3 (Groundball, 34)
Batting: LHB Ramón García 0-0: Called Strike
0-1: Ball
1-1: Called Strike
1-2: Ball
2-2: Fly out, F9 (Flyball, 89M)
Top of the 2nd over - 0 run(s), 0 hit(s), 0 error(s), 0 left on base; D.C. 0 - Kingston Township 0
BOTTOM OF THE 2ND
Kingston Township Legion batting - Pitching for D.C. Divided : LHP Leslie Brooks
Batting: RHB Akihiko Oike 0-0: Called Strike
0-1: Swinging Strike
0-2: Strikes out swinging
Batting: LHB Wilfrid Savary 0-0: Ball
1-0: Ball
2-0: Ball
3-0: Called Strike
3-1: Foul Ball, location: 2F
3-2: Ground out 5-3 (Groundball, 56)
Batting: RHB Pedro Mendoza 0-0: Called Strike
0-1: Ball
1-1: Fly out, F8 (Flyball, 8RXD)
Bottom of the 2nd over - 0 run(s), 0 hit(s), 0 error(s), 0 left on base; D.C. 0 - Kingston Township 0
TOP OF THE 3RD
D.C. Divided batting - Pitching for Kingston Township Legion : LHP Shigemasa Horiuchi
Batting: RHB Justin Saginov 0-0: Ground out 4-3 (Groundball, 4M)
Batting: LHB Charles Mathes 0-0: Called Strike
0-1: Swinging Strike
0-2: Strikes out swinging
Batting: RHB Brett Robinson 0-0: Swinging Strike
0-1: Swinging Strike
0-2: Ball
1-2: Ball
2-2: Strikes out looking
Top of the 3rd over - 0 run(s), 0 hit(s), 0 error(s), 0 left on base; D.C. 0 - Kingston Township 0
BOTTOM OF THE 3RD
Kingston Township Legion batting - Pitching for D.C. Divided : LHP Leslie Brooks
Batting: RHB Vicente Toro 0-0: Ball
1-0: Ball
2-0: Ball
3-0: Called Strike
3-1: Base on Balls
Batting: RHB Carlos Mercado 0-0: Called Strike
0-1: Ball
1-1: Grounds into double play, 4-6-3 (Groundball, 4)
Batting: RHB António Varela 0-0: Called Strike
0-1: Swinging Strike
0-2: Ball
1-2: Ball
2-2: Ball
3-2: Foul Ball, location: 2F
3-2: Base on Balls
Batting: RHB Layton Templeman Balk!
António Varela to second
0-0: Foul Ball, location: 2F
0-1: Foul Ball, location: 2F
0-2: Ground out 6-3 (Groundball, 6)
Bottom of the 3rd over - 0 run(s), 0 hit(s), 0 error(s), 1 left on base; D.C. 0 - Kingston Township 0
TOP OF THE 4TH
D.C. Divided batting - Pitching for Kingston Township Legion : LHP Shigemasa Horiuchi
Batting: RHB Duncan Thomas 0-0: Fly out, F7 (Flyball, 7D)
Batting: RHB Gustavo Mateo 0-0: Swinging Strike
0-1: Ball
1-1: Called Strike
1-2: Strikes out swinging
Batting: LHB Félix Pérez 0-0: Ball
1-0: Ball
2-0: Called Strike
2-1: Called Strike
2-2: Strikes out swinging
Top of the 4th over - 0 run(s), 0 hit(s), 0 error(s), 0 left on base; D.C. 0 - Kingston Township 0
BOTTOM OF THE 4TH
Kingston Township Legion batting - Pitching for D.C. Divided : LHP Leslie Brooks
Batting: LHB Clay Rush 0-0: Foul Ball, location: 2F
0-1: Ball
1-1: Ball
2-1: Ball
3-1: Called Strike
3-2: Foul Ball, location: 2F
3-2: Strikes out swinging
Batting: LHB Gonzalo López 0-0: Called Strike
0-1: Called Strike
0-2: Strikes out swinging
Batting: RHB Akihiko Oike 0-0: Ball
1-0: Ball
2-0: Called Strike
2-1: Ball
3-1: SINGLE (Flyball, 8LS)
Batting: LHB Wilfrid Savary 0-0: Ball
1-0: Called Strike
1-1: Ball
2-1: Fly out, F8 (Flyball, 78M)
Bottom of the 4th over - 0 run(s), 1 hit(s), 0 error(s), 1 left on base; D.C. 0 - Kingston Township 0
TOP OF THE 5TH
D.C. Divided batting - Pitching for Kingston Township Legion : LHP Shigemasa Horiuchi
Batting: RHB Lúcio López 0-0: Ball
1-0: Swinging Strike
1-1: Ball
2-1: SINGLE (Line Drive, 6D)
Batting: LHB Mike Gardner 0-0: Called Strike
0-1: Foul Ball, location: 2F
0-2: Strikes out swinging
Batting: LHB Ramón García 0-0: Foul Ball, location: 2F
0-1: Ball
1-1: Called Strike
1-2: Ball
2-2: Ball
3-2: Strikes out swinging
Batting: RHB Justin Saginov 0-0: Called Strike
0-1: Fielders Choice at 2nd, U4 (Groundball, 4M)
Top of the 5th over - 0 run(s), 1 hit(s), 0 error(s), 1 left on base; D.C. 0 - Kingston Township 0
BOTTOM OF THE 5TH
Kingston Township Legion batting - Pitching for D.C. Divided : LHP Leslie Brooks
Batting: RHB Pedro Mendoza 0-0: Swinging Strike
0-1: Ball
1-1: Called Strike
1-2: Ball
2-2: Ground out 5-3 (Groundball, 56)
Batting: RHB Vicente Toro 0-0: Called Strike
Reached via error on a dropped throw, E3
Batting: RHB Carlos Mercado 0-0: Ball
1-0: Ball
2-0: Called Strike
2-1: Foul Ball, location: 2F
2-2: Ball
3-2: Foul Ball, location: 2F
3-2: Base on Balls
Vicente Toro to second
Batting: RHB António Varela 0-0: Called Strike
0-1: Ball
1-1: Foul Ball, location: 2F
1-2: Foul Ball, location: 2F
1-2: Ball
2-2: Strikes out swinging
Batting: RHB Layton Templeman 0-0: Called Strike
0-1: Swinging Strike
0-2: Ball
1-2: Ball
2-2: Foul Ball, location: 2F
2-2: Ball
3-2: Foul Ball, location: 2F
3-2: Foul Ball, location: 2F
3-2: Ground out 4-3 (Groundball, 4)
Bottom of the 5th over - 0 run(s), 0 hit(s), 1 error(s), 2 left on base; D.C. 0 - Kingston Township 0
TOP OF THE 6TH
D.C. Divided batting - Pitching for Kingston Township Legion : LHP Shigemasa Horiuchi
Batting: LHB Charles Mathes 0-0: DOUBLE (Flyball, 9D)
Batting: RHB Brett Robinson 0-0: Called Strike
0-1: Ball
1-1: Called Strike
1-2: Ball
2-2: Ground out 6-3 (Groundball, 56)
Batting: RHB Duncan Thomas 0-0: Intentional Walk
Batting: RHB Gustavo Mateo 0-0: Ball
1-0: Called Strike
1-1: Ball
2-1: Swinging Strike
2-2: Foul Ball, location: 2F
2-2: Foul Ball, location: 2F
2-2: Strikes out looking
Batting: LHB Félix Pérez 0-0: Ball
1-0: Foul Ball, location: 2F
1-1: Ball
2-1: Ball
3-1: Ground out 4-3 (Groundball, 4)
Top of the 6th over - 0 run(s), 1 hit(s), 0 error(s), 2 left on base; D.C. 0 - Kingston Township 0
BOTTOM OF THE 6TH
Kingston Township Legion batting - Pitching for D.C. Divided : LHP Leslie Brooks
Batting: LHB Clay Rush 0-0: Called Strike
0-1: Called Strike
0-2: Ball
1-2: Foul Ball, location: 2F
1-2: Ball
2-2: Ball
3-2: Foul Ball, location: 2F
3-2: Ground out 4-3 (Groundball, 34S)
Batting: LHB Gonzalo López 0-0: Called Strike
0-1: Ball
1-1: Ground out 3-1 (Groundball, 3)
Batting: RHB Akihiko Oike 0-0: SINGLE (Popup, 9S)
Batting: LHB Wilfrid Savary 0-0: Ball
1-0: Called Strike
1-1: Ball
2-1: Ground out 4-3 (Groundball, 4)
Bottom of the 6th over - 0 run(s), 1 hit(s), 0 error(s), 1 left on base; D.C. 0 - Kingston Township 0
TOP OF THE 7TH
D.C. Divided batting - Pitching for Kingston Township Legion : LHP Shigemasa Horiuchi
Batting: RHB Lúcio López 0-0: Ball
1-0: Called Strike
1-1: Swinging Strike
1-2: Ball
2-2: Foul Ball, location: 2F
2-2: Ball
3-2: Ground out 6-3 (Groundball, 6M)
Batting: LHB Mike Gardner 0-0: Ground out 6-3 (Groundball, 6)
Pinch Hitting: RHB Jonathan Widdop 0-0: Foul Ball, location: 2F
0-1: Foul Ball, location: 2F
0-2: Ball
1-2: Ground out 6-3 (Groundball, 6)
Top of the 7th over - 0 run(s), 0 hit(s), 0 error(s), 0 left on base; D.C. 0 - Kingston Township 0
BOTTOM OF THE 7TH
Kingston Township Legion batting - Pitching for D.C. Divided : LHP Leslie Brooks
Now at SS: Jonathan Widdop
Batting: RHB Pedro Mendoza 0-0: Called Strike
0-1: Called Strike
0-2: Ball
1-2: Ball
2-2: Ball
3-2: Strikes out looking
Batting: RHB Vicente Toro 0-0: Ground out 6-3 (Groundball, 6)
Batting: RHB Carlos Mercado 0-0: Called Strike
0-1: Ball
1-1: Foul Ball, location: 2F
1-2: Ball
2-2: Fly out, F8 (Flyball, 8LS)
Bottom of the 7th over - 0 run(s), 0 hit(s), 0 error(s), 0 left on base; D.C. 0 - Kingston Township 0
TOP OF THE 8TH
D.C. Divided batting - Pitching for Kingston Township Legion : LHP Shigemasa Horiuchi
Batting: RHB Justin Saginov 0-0: Ball
1-0: Foul Ball, location: 2F
1-1: Ball
2-1: Swinging Strike
2-2: Foul Ball, location: 2F
2-2: Ball
3-2: Base on Balls
Pitching: RHP Jesús Prieto
Batting: LHB Charles Mathes 0-0: Called Strike
0-1: Ball
1-1: Foul Ball, location: 2F
1-2: DOUBLE (Line Drive, 9LS)
Justin Saginov to third
Pinch Hitting: LHB Brad Elmore 0-0: Intentional Walk
Batting: RHB Duncan Thomas 0-0: Grounds into fielders choice 3-2 (Groundball, 3S)
Charles Mathes to third
Brad Elmore to second
Batting: RHB Gustavo Mateo 0-0: Ball
1-0: Ball
2-0: Called Strike
2-1: Ball
3-1: Foul Ball, location: 2F
3-2: Foul Ball, location: 2F
3-2: Strikes out swinging
Batting: LHB Félix Pérez 0-0: Ball
1-0: SINGLE (Line Drive, 8RS)
Charles Mathes scores
Brad Elmore to third
Duncan Thomas to second
Runner from 3rd tries for Home, SAFE, no throw or cutoff
Batting: RHB Lúcio López 0-0: Swinging Strike
0-1: Called Strike
0-2: Ball
1-2: Foul Ball, location: 2F
1-2: Foul Ball, location: 2F
1-2: Foul Ball, location: 2F
1-2: Strikes out looking
Top of the 8th over - 2 run(s), 2 hit(s), 0 error(s), 2 left on base; D.C. 2 - Kingston Township 0
BOTTOM OF THE 8TH
Kingston Township Legion batting - Pitching for D.C. Divided : LHP Leslie Brooks
Now in RF: Brad Elmore
Batting: RHB António Varela 0-0: Ball
1-0: Swinging Strike
1-1: SINGLE (Line Drive, 8LS)
Pitching: RHP Jesse Bowling
Batting: RHB Layton Templeman 0-0: Foul Ball, location: 2F
0-1: Ball
1-1: Foul Ball, location: 2F
1-2: Ball
2-2: Reached on Error, E4 (Popup, 3D)
António Varela to second
Pitching: RHP Gabriel Hidalgo
Batting: LHB Clay Rush 0-0: SINGLE (Groundball, 3D)
António Varela to third
Layton Templeman to second
Batting: LHB Gonzalo López 0-0: Swinging Strike
0-1: Ball
1-1: Ball
2-1: Called Strike
2-2: Ball
3-2: Base on Balls
António Varela scores
Layton Templeman to third
Clay Rush to second
Batting: RHB Akihiko Oike 0-0: Foul Ball, location: 2F
0-1: Fly out, F3 (Line Drive, 3S)
0-1: Lined into DP, U3 (Line Drive, 3S)
Batting: LHB Wilfrid Savary 0-0: Ball
1-0: Swinging Strike
1-1: Ball
2-1: Swinging Strike
2-2: Strikes out swinging
Bottom of the 8th over - 1 run(s), 2 hit(s), 1 error(s), 2 left on base; D.C. 2 - Kingston Township 1
TOP OF THE 9TH
D.C. Divided batting - Pitching for Kingston Township Legion : RHP Jesús Prieto
Pitching: RHP Bruce Hamilton
Batting: LHB Mike Gardner 0-0: Ball
1-0: Ball
2-0: Called Strike
2-1: Swinging Strike
2-2: Foul Ball, location: 2F
2-2: Strikes out swinging
Batting: RHB Jonathan Widdop 0-0: Called Strike
0-1: Ball
1-1: Fly out, F5 (Popup, 56S)
Batting: RHB Justin Saginov 0-0: Ball
1-0: Foul Ball, location: 2F
1-1: Ball
2-1: Foul Ball, location: 2F
2-2: Ball
3-2: Strikes out swinging
Top of the 9th over - 0 run(s), 0 hit(s), 0 error(s), 0 left on base; D.C. 2 - Kingston Township 1
BOTTOM OF THE 9TH
Kingston Township Legion batting - Pitching for D.C. Divided : RHP Gabriel Hidalgo
Pitching: LHP Greg Jordan
Batting: RHB Pedro Mendoza 0-0: Fly out, F7 (Line Drive, 78S)
Batting: RHB Vicente Toro 0-0: Ball
1-0: Ball
2-0: Called Strike
2-1: Ball
3-1: Base on Balls
Batting: RHB Carlos Mercado 0-0: Grounds into double play, 4-6-3 (Groundball, 4)
Bottom of the 9th over - 0 run(s), 0 hit(s), 0 error(s), 0 left on base; D.C. 2 - Kingston Township 1
This league is powered by Out of the Park Baseball, the baseball management simulation game for PC, Mac and Linux
Friday, January 22nd, 2016 - OOTP Baseball 16.9 Build 39